 Dungeon Crawl Stone Soup version 0.27.0-1-g7a089689b8 (webtiles) character file.

Game seed: 5874050294800746858

7 ZombieSheep the Bolt Thrower (level 2, 0/18 HPs)
             Began as a Kobold Hunter on Aug 10, 2021.
             Slain by a hobgoblin (4 damage)
             ... on level 1 of the Dungeon.
             The game lasted 00:00:35 (222 turns).

ZombieSheep the Bolt Thrower (Kobold Hunter)         Turns: 222, Time: 00:00:37

Health: 0/18       AC:  3    Str:  9    XL:     2   Next: 10%
Magic:  2/2        EV: 14    Int: 12    God:
Gold:   21         SH:  0    Dex: 15    Spells: 1/1 levels left

rFire    . . .     SeeInvis .   a - +1 hand crossbow
rCold    . . .     Faith    .   (shield restricted)
rNeg     . . .     Spirit   .   c - +0 leather armour
rPois    .         Reflect  .   (no helmet)
rElec    .         Harm     .   (no cloak)
rCorr    .         Rampage  .   (no gloves)
Will     .....                  (no boots)
Stlth    +++.......             (no amulet)
HPRegen  0.06/turn              (no ring)
MPRegen  0.08/turn              (no ring)

@: no status effects
A: small, no large weapons, nightstalker 3
a: no special abilities


You were on level 1 of the Dungeon.
You visited 1 branch of the dungeon, and saw 1 of its levels.

You collected 21 gold pieces.

Inventory:

Hand Weapons
 a - a +1 hand crossbow (weapon)
 b - a +0 short sword
Missiles
 d - 7 bolts (quivered ammo)
Armour
 c - a +0 leather armour (worn)
Scrolls
 e - a scroll of vulnerability {unknown}


   Skills:
 + Level 2.3 Fighting
 * Level 1.2 Short Blades
 - Level 4.8 Crossbows
 + Level 2.6 Dodging
 + Level 1.8 Stealth


You had one spell level left.
You didn't know any spells.
Your spell library was empty.

Dungeon Overview and Level Annotations

Branches:
Dungeon (1/15)

Altars:


Innate Abilities, Weirdness & Mutations

You are small and have problems with some larger weapons.
You are completely attuned to the shadows.


Message History

The ball python bites you but does no damage.
The ball python constricts you.
Fire: 13 bolts
Press: ? - help, Q - select action Shift-Dir - straight line, f/p - ball python
Aim: a ball python (constricting you, 63% to hit)
You shoot a bolt. The bolt hits the ball python.
The ball python is severely wounded.
The ball python barely misses you. The ball python constricts you.
The ball python closely misses you. The ball python constricts you.
Fire: 12 bolts
Press: ? - help, Q - select action Shift-Dir - straight line, f/p - ball python
Aim: a ball python (severely wounded, constricting you, 63% to hit)
You shoot a bolt. The bolt hits the ball python.
You kill the ball python!
Unknown command.
Fire: 11 bolts
Press: ? - help, Q - select action Shift-Dir - straight line, f - hobgoblin
Aim: a hobgoblin (66% to hit)
You shoot a bolt. The bolt closely misses the hobgoblin.
The hobgoblin barely misses you.
The hobgoblin hits you but does no damage.
Fire: 10 bolts
Press: ? - help, Q - select action Shift-Dir - straight line, f/p - hobgoblin
Aim: a hobgoblin (66% to hit)
You shoot a bolt.
The bolt hits the hobgoblin but does no damage.
The hobgoblin hits you but does no damage.
Fire: 9 bolts
Press: ? - help, Q - select action Shift-Dir - straight line, f/p - hobgoblin
Aim: a hobgoblin (66% to hit)
You shoot a bolt. The bolt hits the hobgoblin.
The hobgoblin is moderately wounded.
The hobgoblin hits you.
* * * LOW HITPOINT WARNING * * *
Fire: 8 bolts
Press: ? - help, Q - select action Shift-Dir - straight line, f/p - hobgoblin
Aim: a hobgoblin (moderately wounded, 66% to hit)
You shoot a bolt. The bolt barely misses the hobgoblin.
The hobgoblin hits you.
You die...

..# #.. #.# #.#
#### # #@# #..##
.#.###g###...####
..........>.....#
##...........####
#######...######
#....'.....
......#.....
...####.####
####..#....####


You could see a hobgoblin.

Vanquished Creatures
  An endoplasm (D:1)
  4 jackals (D:1)
  A ball python (D:1)
6 creatures vanquished.

Notes
Turn   | Place    | Note
-------+----------+-------------------------------------------
     0 | D:1      | ZombieSheep the Kobold Hunter began the quest for the Orb.
     0 | D:1      | Reached XP level 1. HP: 12/12 MP: 1/1
   213 | D:1      | Reached skill level 1 in Short Blades
   215 | D:1      | Reached XP level 2. HP: 9/18 MP: 2/2
   222 | D:1      | Slain by a hobgoblin

Illustrated notes

Levels and vault maps discovered:
D:1:      dpeg_arrival_circle_labyrinth_a, layout_loops_ring, serial_shops,
          shop, hellmonk_ecumenical_altar_zigzags, minivault_5,
          hangedman_feature_mirror, st_stairs_13, chequers_decorated_corner,
          dk_noncrumbling_3, minmay_tromino_v7

Skill      XL: |  1 |
---------------+----+-----
Short Blades   | 1 |  1.2
Fighting       | |  2.3
Crossbows      | |  4.8
Dodging        | |  2.6
Stealth        | |  1.8

Action                   || total
-------------------------++-------
Melee: Short sword       ||    18
 Fire: Hand crossbow     ||    13
 Stab: Sleeping          ||     1
Armor: Leather armour    ||     8
Dodge: Dodged            ||    35
